Map: Dusk Towers

Players

ILLBdA

  • Race: Protoss Protoss

Archon - Winner!

  • Race: Protoss Protoss
  • League: Master

VOD

Have the link to the VOD?

Description

Time

  • Played on: Dec. 13, 2015, 7:48 a.m.
  • Length: 4:18
Show
View Real Time Build Order
Export as new Build Order

ILLBdA Protoss 

Build Orders: Cannon Rush 

Get SALT Encoding   

  12  0:01  Probe (Chrono Boost)  
  13  0:12  Probe (Chrono Boost)  
  14  0:18  Pylon  
  14  0:22  Probe (Chrono Boost)  
  15  0:36  Probe (Chrono Boost)  
  15  0:38  Forge  
  16  0:47  Probe (Chrono Boost)  
  17  1:09  Pylon  
  17  1:32  Photon Cannon  
  17  1:33  Pylon  
  17  1:39  Photon Cannon  
  17  1:41  Pylon  
  17  1:43  Probe (Chrono Boost)  
  17  1:49  Photon Cannon  
  17  1:53  Probe (Chrono Boost)  
  17  2:04  Probe (Chrono Boost)  
  17  2:06  Gateway  
  17  2:08  Assimilator  
  18  2:13  Assimilator  
  18  2:14  Probe (Chrono Boost)  
  19  2:17  Pylon  
  19  2:25  Probe (Chrono Boost)  
  20  2:35  Probe (Chrono Boost)  
  20  2:46  Probe (Chrono Boost)  
  21  2:54  Gateway  
  21  2:56  Probe (Chrono Boost)  
  21  2:57  Cybernetics Core  
  22  2:58  Zealot  
  24  3:06  Pylon  
  24  3:07  Probe (Chrono Boost)  
  25  3:18  Probe (Chrono Boost)  
  26  3:21  Photon Cannon  
  26  3:33  Adept (Chrono Boost)  
  28  3:39  Mothership Core  
  28  3:40  Pylon  
  32  3:49  Adept (Chrono Boost)  
Show
View Real Time Build Order
Export as new Build Order

Archon Protoss - Winner!

Build Orders:  

Get SALT Encoding   

  12  0:01  Probe (Chrono Boost)  
  13  0:11  Probe (Chrono Boost)  
  14  0:18  Pylon  
  14  0:22  Probe (Chrono Boost)  
  15  0:36  Probe (Chrono Boost)  
  15  0:41  Gateway  
  16  0:43  Assimilator  
  16  0:46  Probe (Chrono Boost)  
  18  0:57  Probe (Chrono Boost)  
  18  1:07  Probe (Chrono Boost)  
  19  1:18  Probe (Chrono Boost)  
  20  1:36  Zealot  
  20  1:38  Cybernetics Core  
  21  2:09  Probe (Chrono Boost)  
  21  2:11  Gateway  
  21  2:12  Pylon  
  22  2:30  Stalker (Chrono Boost), Mothership Core (Chrono Boost)  
  26  2:49  Probe (Chrono Boost)  
  27  2:59  Assimilator  
  27  3:03  Stalker (Chrono Boost)  
  30  3:10  Stalker (Chrono Boost), Pylon  
  31  3:28  Probe  
  31  3:33  Pylon  
  32  3:34  Pylon  
  32  3:40  Probe  
Tags
 
League
Master
Matchup
PvP
Replay Pack
me
Add a new tag
Caveats
  • Supply blocks, unpowered buildings, or Contaminate may cause inaccurate times.
  • Supply counts are checked every 10 seconds.